 Dungeon Crawl Stone Soup version 0.22.1-1-ga44c0e5 (webtiles) character file.

1226 bloo the Destroyer (level 8, -12/42 HPs)
             Began as a Deep Elf Conjurer on Oct 27, 2018.
             Was a Follower of Vehumet.
             Mangled by an orc warrior
             ... wielding a +0 short sword
              (19 damage)
             ... on level 6 of the Dungeon on Oct 28, 2018.
             The game lasted 00:30:28 (8099 turns).

bloo the Destroyer (Deep Elf Conjurer)              Turns: 8099, Time: 00:30:30

Health: -12/42     AC:  8    Str:  5    XL:     8   Next: 23%
Magic:  9/20       EV: 13    Int: 23    God:    Vehumet [*.....]
Gold:   58         SH:  0    Dex: 15    Spells: 11/21 levels left

rFire    . . .     SeeInvis .   x - +2 falchion (slice)
rCold    . . .     Gourm    .   (no shield)
rNeg     + . .     Faith    .   v - +1 robe "Gimypox" {rElec rN+ Slay+4}
rPois    .         Spirit   .   (no helmet)
rElec    +         Reflect  .   u - +0 cloak
rCorr    .         Harm     .   a - +0 pair of gloves
MR       .....                  z - +2 pair of boots
Stlth    ++........             s - amulet of rage
HPRegen  0.14/turn              (no ring)
MPRegen  0.17/turn              (no ring)

@: no status effects
A: no striking features
a: Renounce Religion, Evoke Berserk Rage


You were on level 6 of the Dungeon.
You worshipped Vehumet.
Vehumet was aware of your devotion.
You were not hungry.

You visited 2 branches of the dungeon, and saw 7 of its levels.

You collected 260 gold pieces.
You spent 202 gold pieces at shops.

Inventory:

Hand Weapons
 i - a +2 quarterstaff of chaos
 r - a +3 short sword
 x - a +2 falchion of slicing (weapon)
Missiles
 e - 174 stones (quivered)
Armour
 a - a +0 pair of gloves (worn)
 t - a +2 robe of positive energy
 u - a +0 cloak (worn)
 v - the +1 robe "Gimypox" (worn) {rElec rN+ Slay+4}
   (You found it on level 5 of the Dungeon)

   It affects your accuracy and damage with ranged weapons and melee attacks
   (+4).
   It insulates you from electricity.
   It protects you from negative energy.
 z - a +2 pair of boots (worn)
Magical Staves
 y - an uncursed staff of summoning {unknown}
Jewellery
 s - an amulet of rage (around neck)
Wands
 A - a wand of disintegration (9)
Scrolls
 b - 3 scrolls of amnesia
 d - 2 scrolls of identify
 g - a scroll of teleportation
 m - a scroll of blinking
 p - 2 scrolls of enchant armour {unknown}
 q - a scroll of magic mapping {unknown}
 w - a scroll of enchant weapon
Potions
 f - 3 potions of haste
 h - 3 potions of flight
 j - 3 potions of heal wounds
 k - a potion of invisibility {unknown}
 l - a potion of brilliance {unknown}
 n - a potion of ambrosia {unknown}
 o - 2 potions of curing
Comestibles
 c - 8 rations


   Skills:
 - Level 0.5 Fighting
 + Level 2.9 Dodging
 - Level 2.4 Stealth
 + Level 7.1 Spellcasting
 - Level 10.0 Conjurations
 + Level 1.3 Hexes


You had 11 spell levels left.
You knew the following spells:

 Your Spells              Type           Power        Failure   Level  Hunger
a - Magic Dart            Conj           ####         1%          1    None
b - Searing Ray           Conj           ######       1%          2    None
c - Dazzling Spray        Conj/Hex       ####..       2%          3    None
d - Iskenderun's Mystic   Conj           ######..     1%          4    ###....

Your spell library contained the following spells:

 Spells                   Type           Power        Failure   Level  Hunger
 Shock                    Conj/Air       ####         1%          1    None
 Fulminant Prism          Conj/Hex       ####......   7%          4    ###....
 Force Lance              Conj/Tloc      ####....     10%         4    ###....


Dungeon Overview and Level Annotations

Branches:
Dungeon (6/15)             Temple (1/1) D:4

Altars:
Ashenzari
Cheibriados
Dithmenos
Elyvilon
Gozag
Hepliaklqana
Kikubaaqudgha
Makhleb
Nemelex Xobeh
Qazlal
Sif Muna
Trog
Uskayaw
Vehumet
Wu Jian
Xom
Yredelemnul
Zin
The Shining One

Shops:
D:6 [


Message History

Aiming: Searing Ray (safe; 1% risk of failure)
Press: ? - help, Shift-Dir - straight line, f/p - orc warrior
Aim: an orc warrior, wielding a short sword and wearing a chain mail The searing ray hits the orc warrior.
The orc warrior is severely wounded. (Press . to maintain the ray.)
The orc warrior hits you with a short sword!
* * * LOW HITPOINT WARNING * * *
The searing ray hits the orc warrior.
The orc warrior is severely wounded.
Casting: Searing Ray (safe; 1% risk of failure)
Confirm with . or Enter, or press ? or * to list all spells.
Aiming: Searing Ray (safe; 1% risk of failure)
Press: ? - help, Shift-Dir - straight line, f/p - orc warrior
Aim: an orc warrior, wielding a short sword and wearing a chain mail (severely The searing ray hits the orc warrior.
The orc warrior is almost dead. (Press . to maintain the ray.)
The orc warrior hits you with a short sword!!
You die...

##### #########
####...###########........
...'...+............>#####
####...##'#######..###
#...............#
####............#
#..........)######
#................#
#.........@#####.#
#.........oo..#
###+########[.# #..o.o...#
#.#####.... #.###!# ... #
#.# #..


You could see an orc warrior and an orc.

Vanquished Creatures
  Edmund (D:5)
  Duvessa (D:5)
  A phantom (D:5)
  A bullfrog (D:6)
  Dowan (D:5)
  A scorpion (D:5)
  A bullfrog zombie (D:5)
  2 jellies (D:6)
  A gnoll shaman (D:4)
  An orc priest (D:3)
  Crazy Yiuf (D:5)
  Terence (D:3)
  Natasha (thrice) (D:2)
  4 orc wizards (D:5)
  3 worker ants
  9 gnolls
  6 adders
  A shadow imp (D:5)
  3 oozes (D:2)
  6 worms
  2 dart slugs
  2 leopard geckos
  20 orcs
  7 giant cockroaches
  4 hobgoblins
  11 jackals (D:3)
  4 kobolds
  A quokka (D:3)
  6 bats
  7 frilled lizards
  8 goblins
  A jackal skeleton (D:5)
  6 rats
127 creatures vanquished.

Notes
Turn   | Place    | Note
-------+----------+-------------------------------------------
     0 | D:1      | bloo the Deep Elf Conjurer began the quest for the Orb.
     0 | D:1      | Reached XP level 1. HP: 10/10 MP: 6/6
   375 | D:1      | Reached XP level 2. HP: 13/15 MP: 4/8
   572 | D:1      | Reached skill level 5 in Conjurations
   594 | D:1      | Learned a level 2 spell: Searing Ray
  1043 | D:2      | Noticed Natasha
  1111 | D:2      | Noticed a crimson imp
  1244 | D:2      | Killed Natasha
  1244 | D:2      | Reached XP level 3. HP: 11/19 MP: 3/9
  1333 | D:2      | Noticed Natasha
  1506 | D:2      | Killed Natasha
  1506 | D:2      | Reached skill level 6 in Conjurations
  1506 | D:2      | Reached XP level 4. HP: 24/24 MP: 3/10
  1511 | D:2      | Noticed Natasha
  1844 | D:2      | Killed Natasha
  1966 | D:2      | Learned a level 3 spell: Dazzling Spray
  2300 | D:2      | Found a sparkling altar of Nemelex Xobeh.
  2559 | D:3      | Reached skill level 7 in Conjurations
  2559 | D:3      | Reached XP level 5. HP: 28/28 MP: 6/11
  3303 | D:3      | Noticed Terence
  3338 | D:3      | Killed Terence
  3581 | D:3      | Reached skill level 8 in Conjurations
  3581 | D:3      | Reached XP level 6. HP: 32/32 MP: 7/12
  4127 | D:4      | Found a staircase to the Ecumenical Temple.
  4282 | Temple   | Entered the Ecumenical Temple
  4484 | Temple   | Became a worshipper of Vehumet
  5028 | D:5      | Entered Level 5 of the Dungeon
  5111 | D:5      | Got a thick robe
  5122 | D:5      | Identified the +1 robe "Gimypox" {rElec rN+ Slay+4} (You
                  | found it on level 5 of the Dungeon)
  5235 | D:5      | Noticed Duvessa
  5235 | D:5      | Noticed Dowan
  5256 | D:5      | Killed Duvessa
  5256 | D:5      | Reached skill level 9 in Conjurations
  5256 | D:5      | Reached XP level 7. HP: 37/37 MP: 3/13
  5366 | D:5      | Killed Dowan
  5449 | D:5      | Found a shattered altar of Ashenzari.
  5653 | D:5      | Reached skill level 10 in Conjurations
  5861 | D:5      | Noticed Edmund
  5876 | D:5      | Paralysed by Edmund for 5 turns
  5889 | D:5      | Paralysed by Edmund for 2 turns
  5893 | D:5      | Paralysed by Edmund for 5 turns
  5990 | D:5      | Paralysed by Edmund for 7 turns
  5998 | D:5      | Paralysed by Edmund for 4 turns
  6004 | D:5      | Killed Edmund
  6004 | D:5      | Reached skill level 1 in Hexes
  6453 | D:5      | Reached skill level 5 in Spellcasting
  6614 | D:5      | Reached * piety under Vehumet
  6614 | D:5      | Offered knowledge of Shock by Vehumet.
  6832 | D:5      | Reached XP level 8. HP: 21/42 MP: 13/18
  7188 | D:5      | Found a runed door.
  7578 | D:5      | Noticed Crazy Yiuf
  7581 | D:5      | Killed Crazy Yiuf
  7740 | D:6      | Found Aryal's Antique Armour Emporium.
  7771 | D:6      | Learned a level 4 spell: Iskenderun's Mystic Blast
  7778 | D:6      | Bought a pair of embroidered boots for 202 gold pieces
  8099 | D:6      | Mangled by an orc warrior

Skill      XL: |  1  2  3  4  5  6  7  8 |
---------------+-------------------------+-----
Conjurations   | 5 6 7 8 9 10 | 10.0
Spellcasting   | 5 7 |  7.1
Hexes          | 1 |  1.3
Fighting       | |  0.5
Dodging        | |  2.9
Stealth        | |  2.4

Action                   |  1- 3 |  4- 6 |  7- 9 || total
-------------------------+-------+-------+-------++-------
 Cast: Magic Dart        |    41 |   133 |    52 ||   226
       Searing Ray       |     3 |    20 |    30 ||    53
       Dazzling Spray    |       |     1 |     1 ||     2
  Use: Scroll            |     1 |     8 |     2 ||    11
       Potion            |       |       |     1 ||     1
  Eat: Chunk             |     1 |     9 |     3 ||    13
       Ration            |       |     1 |     2 ||     3
Armor: Robe              |     3 |     3 |     3 ||     9
Dodge: Dodged            |     7 |    15 |    16 ||    38
       Rpst.: Long sword |       |     1 |       ||     1
